Cogmind - Beta 15 --- EXPLORER MODE // 2025.05.16 @ 16:25:59 Player: GermanMO Result: Destroyed by Autobeam Turret with Autobeam Performance ------------- Evolutions (0) 0 Regions Visited (2) 400 Robots Destroyed (12) 60 Value Destroyed (361) 361 Prototype IDs (0) 0 Alien Tech Used (0) 0 Bonus (0) 0 TOTAL SCORE: 821 Bonus ------- None Cogmind --------- Core Integrity 0/250 Matter 167/300 Energy 99/100 System Corruption 0% Temperature Cool (12) Movement Core (200) Ox3 Location -10/Subcaves Parts ------- > --- POWER (1) -------- (None) > --- PROPULSION (3) --- (None) > --- UTILITY (2) ------ Medium Storage Unit Targeting Computer > --- WEAPON (2) ------- Assault Rifle > --- INVENTORY (10) --- Ion Engine Light Ion Engine Scrap Shield Peak State ------------ > --- POWER ------------ Light Ion Engine > --- PROPULSION ------- Aluminum Leg Aluminum Leg Aluminum Leg > --- UTILITY ---------- Medium Storage Unit Targeting Computer > --- WEAPON ----------- Assault Rifle Assault Rifle > --- INVENTORY -------- Ion Engine [Rating: 8] Favorites ----------- Power Light Ion Engine Engine Light Ion Engine Propulsion Aluminum Leg Leg Aluminum Leg Utility Medium Storage Unit Storage Medium Storage Unit Processor Targeting Computer Weapon Assault Rifle Ballistic Gun Assault Rifle Build | -11 -10 -10 ------- Run | Yrd Mat Sub Slots Evolved 1 | . 1 . Power . | . . . Propulsion 1 | . 1 . Utility . | . . . Weapon . | . . . Parts Attached 10 | 4 6 . Power 1 | 1 . . Engine 1 | 1 . . Core . | . . . Reactor . | . . . Propulsion 3 | 2 1 . Treads . | . . . Leg 3 | 2 1 . Wheel . | . . . Hover . | . . . Flight . | . . . Utility 2 | 1 1 . Device . | . . . Storage 1 | 1 . . Processor 1 | . 1 . Hackware . | . . . Protection . | . . . Artifact . | . . . Weapon 4 | . 4 . Energy Gun . | . . . Energy Cannon . | . . . Ballistic Gun 4 | . 4 . Ballistic Cannon . | . . . Launcher . | . . . Special Weapon . | . . . Impact Weapon . | . . . Slashing Weapon . | . . . Piercing Weapon . | . . . Special Melee Weapon . | . . . Unidentified Prototypes . | . . . Parts Lost 5 | . . 5 Power 1 | . . 1 Propulsion 3 | . . 3 Utility . | . . . Weapon 1 | . . 1 Highest Loss Streak 2 | . . 2 To Critical Strikes . | . . . Average Backups 1 | . . 1 Power . | . . 1 Propulsion . | . . . Utility . | . . . Weapon . | . . . Tool/Special . | . . . Unused Backups 3 | 1 . 2 Power 1 | . . 1 Propulsion . | . . . Utility 2 | 1 . 1 Weapon . | . . . Tool/Special . | . . . Average Slot Usage (%) 78 | . 80 77 Engine 5 | . 12 2 Leg 27 | . 36 24 Storage 12 | . 12 12 Processor 10 | . 5 12 Ballistic Gun 21 | . 13 25 Peak Build Rating 8 | 4 8 8 Average Rating 6 | 3 6 6 On Entrance 4 | . 4 8 Naked Turns . | . . . Heaviest Build 17 | 13 17 17 Greatest Support 30 | 20 30 30 Greatest Overweight (x) 4 | . . 4 Average Overweight (x) . | . . . Largest Inventory Capacity 10 | 10 10 10 Average Capacity 9 | 8 10 10 Most Carried 4 | 3 3 4 Average Carried 1 | . . 2 Final Capacity 10 | 10 10 10 Final Carried 4 | . 1 4 Class Distribution -------------------- 100% | Hacker-Mutant Dominant Class ---------------- Hacker-Mutant | -10/Materials Hacker-Mutant | -10/Subcaves Resources | -11 -10 -10 ----------- Run | Yrd Mat Sub Matter Collected 377 | 206 34 137 Remotely . | . . . Salvage Created 426 | . 223 203 Parts 29 | . 11 18 Haulers Intercepted . | . . . Recyclers Shooed . | . . . Parts Field Recycled . | . . . Retrieved Matter . | . . . Parts Self-Destructed . | . . . Prevented . | . . . Kills | -11 -10 -10 ------- Run | Yrd Mat Sub Combat Hostiles Destroyed 12 | . 5 7 Guns 12 | . 5 7 Classes Destroyed 4 | . 1 3 Swarmer 4 | . . 4 Grunt 5 | . 5 . Sentry 1 | . . 1 Subdweller 2 | . . 2 Best Kill Streak 5 | . 5 4 Combat Bots Only 5 | . 5 4 Max Kills in Single Turn 2 | . 1 2 Gunslinging 1 | . . 1 Exploded . | . . . Melee . | . . . Uniques/NPCs Destroyed . | . . . Combat | -11 -10 -10 -------- Run | Yrd Mat Sub Hostile Shots Fired 143 | . 58 85 Missed 46 | . 18 28 Hits 97 | . 40 57 Projectile 97 | . 40 57 Critical Strikes 2 | . . 2 Damage Taken 852 | . 339 513 Core 254 | . 85 169 Absorbed by Shields . | . . . Ignored by Resistances 537 | . 214 323 Core Remaining (%) 100 | 100 . . Volleys Fired 53 | . 16 37 Largest 2 | . 2 2 Hottest 40 | . 40 40 Shots Fired 103 | . 32 71 Gun 103 | . 32 71 Cannon . | . . . Launcher . | . . . Special . | . . . Kinetic 103 | . 32 71 Thermal . | . . . Explosive . | . . . Electromagnetic . | . . . Robot Hit Streak 56 | . 16 56 Robot Miss Streak 1 | . 1 . Penetration Max . | . . . Secondary Targets 2 | . . 2 Max Gunslinging Chain 1 | . . 1 Shots Hit Robots 75 | . 29 46 Core Hits 27 | . 15 12 Critical Kills . | . . . Critical Parts Destroyed . | . . . Critical Strikes . | . . . Melee Attacks . | . . . Impact . | . . . Slashing . | . . . Piercing . | . . . Sneak Attacks . | . . . Combat Hostiles . | . . . Follow-up Attacks . | . . . Damage Inflicted 679 | . 258 421 Guns 655 | . 234 421 Cannons . | . . . Explosions . | . . . Melee . | . . . Ramming 24 | . 24 . Kinetic 655 | . 234 421 Thermal . | . . . Explosive . | . . . Electromagnetic . | . . . Impact . | . . . Slashing . | . . . Piercing . | . . . Highest Corruption . | . . . Average Corruption . | . . . Corruption Purged . | . . . Corruption Blocked . | . . . Overload Shots . | . . . Overflow Damage . | . . . Projectiles . | . . . Explosions . | . . . Melee . | . . . Knockbacks . | . . . Impact . | . . . Kinetic . | . . . Secondary . | . . . Self-Inflicted Damage . | . . . Shots . | . . . Rammed . | . . . Targets Rammed 3 | . 3 . Kicked 3 | . 3 . Crushed . | . . . Highest Temperature 24 | . 24 . Average Temperature 11 | . 11 . Received Heat Transfer 501 | . 297 204 Siege Activations . | . . . Martial Activations . | . . . Shielding Activations . | . . . Robots Disrupted . | . . . Combat Hostiles . | . . . Robots Corrupted . | . . . Combat Hostiles . | . . . Parts Fried . | . . . Impact Corruptions . | . . . Robots Melted . | . . . Combat Hostiles . | . . . Parts Melted . | . . . Heat Transferred . | . . . Parts Sabotaged . | . . . Parts Stolen . | . . . Parts Stripped . | . . . Power Chain Reactions . | . . . Alert | -11 -10 -10 ------- Run | Yrd Mat Sub Maximum Alert Level . | . . . Low Security (%) 100 | 100 100 . Level 1 . | . . . Level 2 . | . . . Level 3 . | . . . Level 4 . | . . . Level 5 . | . . . High Security . | . . . Max Security . | . . . Peak Influence 105 | . 105 . Initial . | . . . Average 18 | . 20 . Influence Increases 280 | . 150 130 Destroy 0b10 Robot/C 200 | . 100 100 Destroy Leader 20 | . 20 . Lose Combat Pursuer 60 | . 30 30 Influence Decreases 280 | . 150 130 Time Decay 270 | . 150 120 Lost Part 10 | . . 10 Squads Dispatched . | . . . Investigation . | . . . Extermination . | . . . Reinforcement . | . . . Assault . | . . . Garrison . | . . . Intercept . | . . . Searches Triggered . | . . . Construction Impeded . | . . . Haulers Reinforced . | . . . Active Scanning Responses . | . . . Cargo Convoy Interrupts . | . . . Stealth | -11 -10 -10 --------- Run | Yrd Mat Sub Distress Signals 1 | . 1 . Communications Jammed . | . . . Distress Signals . | . . . Times Spotted 19 | . 8 11 Peak Tracking Total 6 | . 6 6 Tactical Retreats 3 | . 2 1 Traps | -11 -10 -10 ------- Run | Yrd Mat Sub Traps Triggered 1 | . 1 . Indirectly . | . . . Trap Hack Attempts . | . . . Triggered . | . . . Disarmed . | . . . Reprogrammed . | . . . Reused . | . . . Traps Extracted . | . . . Installed . | . . . Triggered . | . . . Machines | -11 -10 -10 ---------- Run | Yrd Mat Sub Machines Disabled . | . . . Max in Single Turn . | . . . Machines Repaired . | . . . Machines Dismantled . | . . . Machines Sabotaged . | . . . Overloaded Fab Kills . | . . . Hacking | -11 -10 -10 --------- Run | Yrd Mat Sub Machines Accessed 1 | . 1 . Terminals 1 | . 1 . Fabricators . | . . . Repair Stations . | . . . Recycling Units . | . . . Scanalyzers . | . . . Garrison Access . | . . . Total Hacks 1 | . 1 . Successful 1 | . 1 . Failed . | . . . Catastrophic . | . . . Database Lockouts . | . . . Manual . | . . . Terminals 1 | . 1 . Fabricators . | . . . Repair Stations . | . . . Recycling Units . | . . . Scanalyzers . | . . . Garrison Access . | . . . Terminal Hacks 1 | . 1 . Emergency Access Points 1 | . 1 . Fabricator Hacks . | . . . Repair Station Hacks . | . . . Recycling Unit Hacks . | . . . Scanalyzer . | . . . Garrison Access Hacks . | . . . Unauthorized Hacks . | . . . Terminals . | . . . Fabricators . | . . . Repair Stations . | . . . Recycling Units . | . . . Scanalyzers . | . . . Garrison Access . | . . . Data Cores Recovered . | . . . Used . | . . . Hacking Detections . | . . . Full Trace Events . | . . . Feedback Events . | . . . Feedback Blocked . | . . . Robot Schematics Acquired . | . . . Robots Built . | . . . Authchips . | . . . Time . | . . . Total Robot Build Rating . | . . . Part Schematics Acquired . | . . . Parts Built . | . . . Authchips . | . . . Time . | . . . Total Part Build Rating . | . . . Parts Repaired . | . . . Time . | . . . Parts Recycled . | . . . Recycled Matter . | . . . Retrieved Matter . | . . . Retrieved Components . | . . . Parts Scanalyzed . | . . . Part Schematics Acquired . | . . . Parts Damaged . | . . . Bothacking | -11 -10 -10 ------------ Run | Yrd Mat Sub Used RIF Installer . | . . . Robots Hacked . | . . . Non-combat . | . . . Combat . | . . . Robot Hacks Applied . | . . . Relay Couplers Released . | . . . Fabnet Peak Effective % . | . . . Robots Rewired . | . . . Allies Hacked . | . . . Hacks Repelled . | . . . Allies | -11 -10 -10 -------- Run | Yrd Mat Sub Total Allies . | . . . Largest Group . | . . . Highest-Rated Group . | . . . Highest-Rated Ally . | . . . Total Orders . | . . . Ally Attacks . | . . . Total Damage . | . . . Kills . | . . . Allies Corrupted . | . . . Allies Melted . | . . . Intel | -11 -10 -10 ------- Run | Yrd Mat Sub Active Infowar (turns) . | . . . Robot Analysis Total . | . . . Derelict Logs Recovered . | . . . Drone Launches . | . . . Drone Recoveries . | . . . Exploration | -11 -10 -10 ------------- Run | Yrd Mat Sub Turns Passed 1777 | 51 461 1265 Spaces Moved 1098 | 39 213 846 Core 68 | 7 . 61 Treads . | . . . Legs 1030 | 32 213 785 Wheels . | . . . Hover . | . . . Flight . | . . . Fastest Speed 50 | 50 120 120 Average Speed 126 | 107 120 129 Slowest Speed 250 | 120 120 250 Overloaded Moves . | . . . Propulsion Burnouts . | . . . Robots Hopped . | . . . Potential Cave-ins . | . . . Cave-ins Triggered . | . . . Exploration Rate (%) 27 | 3 38 40 Regions Visited 2 Branch Regions 1 Pre-discovered Areas . | . . . Known Exits Taken 2 | 1 1 . Unknown Exits Taken . | . . . Scrap Searched . | . . . Spaces Dug . | . . . Terrain Destroyed . | . . . Melee . | . . . Projectile . | . . . AOE . | . . . Terrain Rammed . | . . . Walls Destroyed . | . . . Machines Disabled . | . . . Actions | -11 -10 -10 --------- Run | Yrd Mat Sub Total 1387 | 48 393 946 Wait 208 | . 147 61 Move 1096 | 38 212 846 Hop . | . . . Pick Up 14 | 5 7 2 Fast Attach . | . . . Attach 10 | 4 6 . Detach . | . . . Swap . | . . . Drop 3 | 1 2 . Fire 53 | . 16 37 Melee . | . . . Ram . | . . . Kick 3 | . 3 . Crush . | . . . Escape Stasis . | . . . Rewire . | . . . Trap . | . . . Miscellaneous . | . . . Route ------- -11/Scrapyard -10/Materials (discovered 2 exits: *Mat / *Sub) -10/Subcaves (discovered 3 exits: *Mat x2 / *Rec) History --------- Turn | Location | Event 20 | -11/Scrapyard | Identified exit to Materials 20 | -11/Scrapyard | Discovered exit to Materials (range 16) 52 | -11/Scrapyard | Entered Materials 52 | -10/Materials | Evolved 1 slot: Propulsion x1 201 | -10/Materials | Identified exit to Materials 201 | -10/Materials | Discovered exit to Materials (range 12) 335 | -10/Materials | Build established: Hacker-Mutant 506 | -10/Materials | Identified exit to Subcaves 506 | -10/Materials | Discovered exit to Subcaves (range 6) 513 | -10/Materials | Entered Subcaves 514 | -10/Subcaves | Approached by a straggling Scientist 817 | -10/Subcaves | Core integrity fell below 50% 824 | -10/Subcaves | Shifting Twisted Machinery released Flamer 1040 | -10/Subcaves | Shifting Twisted Machinery released Sub. Machine Gun 1057 | -10/Subcaves | Identified exit to Materials 1057 | -10/Subcaves | Discovered exit to Materials (range 13) 1062 | -10/Subcaves | Shifting Twisted Machinery released Battle Rifle 1557 | -10/Subcaves | Discovered exit to Materials (range 7) 1604 | -10/Subcaves | Identified exit to Recycling 1604 | -10/Subcaves | Discovered exit to Recycling (range 12) 1609 | -10/Subcaves | Core integrity fell below 20% 1778 | -10/Subcaves | Destroyed by Autobeam Turret with Autobeam Last Messages --------------- Y-45 Defender destroyed. EXIT=FOUND: MATERIALS E0-6N2(c): "I think it's somewhere southeast of here" EXIT=FOUND: RECYCLING Aluminum Leg destroyed. S-10 Pest destroyed. Switching to secondary target: S-10 Pest. S-10 Pest destroyed. Switching to secondary target: S-10 Pest. S-10 Pest destroyed. Aluminum Leg destroyed. S-10 Pest destroyed. E0-6N2(c): "I think it's somewhere southeast of here" Acquired 13 matter. Acquired Lgt. Ion Engine. Acquired 15 matter. Assault Rifle destroyed. Subatomizers dissect the Lgt. Ion Engine. Map ----- +----------------------------------------------------+ | ?????????????????????????????????????????????????? | | ?????????????????????????????????????????????????? | | ?????????????????????????????????????????????????? | | ?????????????????????????????????????????????????? | | ?????????????????????????????????????????????????? | | ?????????????????????????????????????????????????? | | ?????????????????????????????????????????????????? | | ?????????????????????????????????????????????????? | | ?????????????????????????????????????????????????? | | ?????????????????????????????????????????????????? | | ?????????????????????????????????????????????????? | | ?????????????????????????????????????????????????? | | ??????????????????#??????????????????????????????? | | ??????????????????? ?????????????????????????????? | | ??????????????????? ????????????????????????????? | | ???????????????????# ????????????????????????????? | | ??????????????????? ???????????????????????????? | | ???????????????????? ???????????????????????????? | | ????????????????????? ??????????????????????????? | | ?????????????????????# ???#????????##????????????? | | ??????????????#?????## ### ?????? """#???????????? | | ??????????????# ????? ????? "#???????????? | | ??????????????# ?????#[% ##### "#???????????? | | ??????????????# #?????# = t""##??????????? | | ??????????????#? #????#*% >#??????????? | | ?????????????# ?? ###?##@ t""#???????????? | | ???????????## ???# ###[ ##### "#???????????? | | ????##?##### ????# ## #?????????????????????? | | ???## ## ???## ####??????????????????? | | ???? #??## ##?????????????????? | | ????? #### c ##????????????????? | | ##???# < ?# ## #????????????????? | | ##?## ### [ ### ## ##????????????????? | | ### ## % ## ##########?????????????????? | | ## ## #??????????????????????????? | | ### ##??????????????????????????? | | # ### ##???????????????????????????? | | # ## #????????????????????????????? | | ?### ## ##???????????????????????????? | | ## # ###### #???????????????????????????? | | #????## #???????????????????????????? | | #?????## ##???????????????????????????? | | #######??????## #????????????????????????????? | | #?????????????#######????????????????????????????? | | ?????????????????????????????????????????????????? | | ?????????????????????????????????????????????????? | | ?????????????????????????????????????????????????? | | ?????????????????????????????????????????????????? | | ?????????????????????????????????????????????????? | | ?????????????????????????????????????????????????? | +----------------------------------------------------+ Best States ------------- Heat Dissipation 25 Energy Generation 10 Energy Capacity 125 Matter Stores 300 Matter Capacity 300 Sight Range 16 Terrain Scan Density 10 Resistance: KI 35 Resistance: TH 35 Resistance: EX 35 Resistance: EM 35 Resistance: I 35 Resistance: S 35 Resistance: P 35 Evasion (%) 55 Targeting Accuracy 5 Offensive Hacking 20 Item Schematics ----------------- None Robot Schematics ------------------ None Fabricated ------------ Nothing Repaired ---------- Nothing Alien Tech Used ----------------- None Achievements -------------- None Challenges ------------ None Game ------ Seed BraceWarpCharger Manual? 0 Play Time 00:13:10 Cumulative 15.6 hours Start 2025.05.16 @ 16:13:46 End 2025.05.16 @ 16:25:59 Sessions 1 Manual Loads 0 Difficulty Explorer Special Mode None Game No. 17 Rogue 0 Adventurer 0 Explorer 17 Win Type - Total 0 Types 0/0/0/0/0/0/0/0/0/0 Lore% 10 Gallery% 18 Achievement% 16 Wizard Run 0 Options --------- Layout 1 ASCII 0 Keyboard 0 Movement Mouse Keybinds 0 Fullscreen 1 Font 24/Smallcaps Map View 50x35 Zoom Use 0% Tactical HUD 0 Map Filters NONE Filters NONE Steam 1 RUN: 36d9ff45-cae6-4b93-a485-b55ebe7d17da